 Dungeon Crawl Stone Soup version 0.30-a0-223-gcb0039aa0c (webtiles) character file.

Game seed: 3301522111295601905

107 billz999 the Sneak (level 4, 0/27 HPs)
             Began as an Octopode Air Elementalist on Oct 9, 2022.
             Succumbed to an adder's poison
             ... on level 3 of the Dungeon.
             The game lasted 00:05:40 (2613 turns).

billz999 the Sneak (Octopode Air Elementalist)      Turns: 2613, Time: 00:05:40

Health: 0/27       AC:  1    Str:  7    XL:     4   Next: 85%
Magic:  1/7        EV: 13    Int: 19    God:
Gold:   49         SH:  0    Dex: 12    Spells: 4/7 levels left

rFire   + + .      SeeInvis .    (no weapon)
rCold   + . .      Faith    .    (no shield)
rNeg    . . .      Spirit   .    (helmet restricted)
rPois   +          Reflect  .    (no amulet)
rElec   +          Harm     .    d - ring of protection from fire
rCorr   +          Rampage  .    (no ring)
Will    .....                    (no ring)
Stlth   ++++......               (no ring)
HPRegen 0.24/turn                (no ring)
MPRegen 0.10/turn                (no ring)
                                 (no ring)
                                 (no ring)

@: mighty, lethally poisoned (0 -> -1), resistant, attractive
A: almost no armour, amphibious, 8 rings, camouflage 1, gelatinous body 1,
(nimble swimmer 1), tentacles
a: no special abilities


You were on level 3 of the Dungeon.
You visited 1 branch of the dungeon, and saw 3 of its levels.

You collected 82 gold pieces.
You spent 33 gold pieces at shops.

Inventory:

Jewellery
 d - a ring of protection from fire (left tentacle)
Scrolls
 b - 2 scrolls of teleportation
 c - 6 scrolls of identify {unknown}
 f - a scroll of noise {unknown}
 g - a scroll of poison {unknown}
 j - a scroll of fog {unknown}
Potions
 a - a potion of magic
 h - a potion of attraction


   Skills:
 - Level 2.0 Dodging
 + Level 5.3 Stealth
 - Level 2.0 Spellcasting
 - Level 3.0 Conjurations
 - Level 3.0 Air Magic


You had 4 spell levels left.
You knew the following spells:

 Your Spells              Type           Power      Damage    Failure   Level
a - Shock                 Conj/Air       52%        1d6       4%          1
b - Static Discharge      Conj/Air       26%        2-4/arc   8%          2

Your spell library contained the following spells:

 Spells                   Type           Power      Damage    Failure   Level
 Swiftness                Air            13%        N/A       14%         3
 Airstrike                Air            6%         2d(1-17)  43%         4


Dungeon Overview and Level Annotations

Branches:
Dungeon (3/15)

Altars:

Shops:
D:2 ?


Innate Abilities, Weirdness & Mutations

You cannot wear most types of armour.
You are amphibious.
You can wear up to eight rings at the same time.
Your skin changes colour to match your surroundings (Stealth+).
Your rubbery body absorbs attacks. (AC +1, EV +1)
((You are camouflaged when in or above water. (Stealth+)))
You have tentacles for arms and can constrict up to eight enemies at once.


Message History

Okay, then.
It was a potion of might.
You feel very mighty all of a sudden.
* * * LOW HITPOINT WARNING * * *
You feel very sick. The adder bites you.
* * * LOW HITPOINT WARNING * * *
Casting: Shock (safe; 4% risk of failure)
Confirm with . or Enter, or press ? or * to list all spells.
Aiming: Shock (safe; 4% risk of failure)
Press: ? - help, Shift-Dir - straight line The zap hits the adder.
You kill the adder!
The zap hits the adder.
You kill the adder!
* * * LOW HITPOINT WARNING * * *
You feel sick.
Training target 3.0 for Conjurations reached!
Your Stealth skill increases to level 5!
Your Conjurations skill increases to level 3!
You miss the adder. You grab the adder.
The adder is moderately wounded.
You constrict the adder.
* * * LOW HITPOINT WARNING * * *
You feel sick. The adder misses you. The adder closely misses you.
You tentacle-slap the adder.
The adder is heavily wounded.
You constrict the adder.
* * * LOW HITPOINT WARNING * * *
You feel sick. The adder bites you but does no damage.
You tentacle-slap the adder.
You kill the adder!
* * * LOW HITPOINT WARNING * * *
You feel sick.
Okay, then.
* * * LOW HITPOINT WARNING * * *
You feel sick.
* * * LOW HITPOINT WARNING * * *
You feel sick.
You die...

###.#...## ..# #.
.......## .. #.
##..#### .#. ....#
##+##'##+## ###.#
#.........# # #.#
#.8..8..8.# ###.#
#.........# ....#
#####†##### ....#
###@# ....#####
###...#
........####....##
....###........##
##.###..........#
.............>..#
...##...........#
.#>.............#
................#


There were no monsters in sight!

Vanquished Creatures
  6 adders
  3 endoplasms (D:2)
  3 giant cockroaches (D:1)
  3 goblins
  3 hobgoblins (D:2)
  12 jackals (D:2)
  5 kobolds
  2 quokkas
  4 ball pythons
  2 bats
  3 frilled lizards
  3 rats
49 creatures vanquished.

Notes
Turn   | Place    | Note
-------+----------+-------------------------------------------
     0 | D:1      | billz999 the Octopode Air Elementalist began the quest for
                  | the Orb.
     0 | D:1      | Reached XP level 1. HP: 11/11 MP: 3/3
   268 | D:1      | Reached skill level 3 in Stealth
   444 | D:1      | Reached XP level 2. HP: 17/17 MP: 3/5
  1357 | D:2      | Reached XP level 3. HP: 21/21 MP: 4/6
  1429 | D:2      | Reached skill level 4 in Stealth
  1545 | D:2      | Found Giycsocheh's Magic Scroll Emporium.
  1556 | D:2      | Bought a scroll of teleportation for 33 gold pieces
  2448 | D:2      | Reached XP level 4. HP: 23/27 MP: 4/7
  2579 | D:3      | Learned a level 2 spell: Static Discharge
  2608 | D:3      | Reached skill level 5 in Stealth
  2611 | D:3      | HP: 1/27 [poisoned by an adder]
  2613 | D:3      | Succumbed to an adder's poison

Illustrated notes

Levels and vault maps discovered:
D:1:      roderic_octagonal_star, layout_basic, chequers_jeans
D:2:      layout_loops_corners, serial_shops, shop
D:3:      minmay_chambers_of_threes, layout_rooms, amcnicky_altar_gilded,
          mainiacjoe_overflow_alcove_1, mainiacjoe_overflow_alcove_2,
          serial_shops, shop, chequers_arboretum, uniq_jessica

Skill      XL: |  1  2  3  4 |
---------------+-------------+-----
Stealth        | 3 4 5 |  5.3
Conjurations   | 2 3 |  3.0
Dodging        | |  2.0
Spellcasting   | |  2.0
Air Magic      | |  3.0

Action                   |  1- 3 |  4- 6 || total
-------------------------+-------+-------++-------
Melee: Unarmed           |    10 |     3 ||    13
       Tentacles         |     4 |       ||     4
       Constrict         |     5 |     1 ||     6
 Cast: Shock             |    72 |    13 ||    85
  Use: Potion            |       |     3 ||     3
 Stab: Sleeping          |     1 |       ||     1
Armor: Skin              |     1 |     1 ||     2
Dodge: Dodged            |     9 |    10 ||    19

Table legend: (Time is in decaauts)
 A = Elapsed time spent in this place.
 B = Non-inter-level travel time spent in this place.
 C = Inter-level travel time spent in this place.
 D = Time resting spent in this place.
 E = Time spent auto-exploring this place.
 F = Levels seen in this place.
 G = Mean time per level.
                   A        B        C        D        E       F      G
               +--------+--------+--------+--------+--------+-----+--------+
         Total |   2614 |   2574 |     40 |    648 |   1698 |   3 |  871.3 |
       Dungeon |   2614 |   2574 |     40 |    648 |   1698 |   3 |  871.3 |
               +--------+--------+--------+--------+--------+-----+--------+

Top non-repeatable levels by time:
     D:2: 1581 daAuts
     D:1: 926 daAuts
     D:3: 106 daAuts
